 Dungeon Crawl Stone Soup version 0.31-a0-692-gf03d1854d5 (webtiles) character file.

Game seed: 13160894729712266957

65 qw the Shooter (level 4, -6/28 HPs)
             Began as a Gargoyle Hunter on Sept 6, 2023.
             Mangled by a gnoll
             ... wielding a +0 flail
              (10 damage)
             ... on level 2 of the Dungeon.
             The game lasted 00:00:30 (1067 turns).

qw the Shooter (Gargoyle Hunter)                    Turns: 1067, Time: 00:00:31

Health: -6/28      AC:  6    Str: 14    XL:     4   Next: 13%
Magic:  4/4        EV: 11    Int: 10    God:
Gold:   123        SH:  0    Dex: 15    Spells: 3/3 levels left

rFire   . . .        Y - +0 shortbow
rCold   . . .        (shield currently unavailable)
rNeg    + . .        c - +0 leather armour
rPois   inf          (no helmet)
rElec   +            (no cloak)
rCorr   .            (no gloves)
SInv    .            (no boots)
Will    +....        (no amulet)
Stlth   ++           g - ring of willpower
HPRegen 0.24/turn    (no ring)
MPRegen 0.09/turn

%: no passive effects
@: no status effects
A: sickness immunity, AC +3, negative energy resistance 1, electricity
resistance, torment resistance 1, petrification resistance
a: no special abilities


You were on level 2 of the Dungeon.
You visited 1 branch of the dungeon, and saw 2 of its levels.

You collected 123 gold pieces.


Innate Abilities, Weirdness & Mutations

You are immune to sickness and miasma.
Your stone body is resilient. (AC +3)
You are immune to poison.
You resist negative energy. (rN+)
You are resistant to electric shocks. (rElec)
You are resistant to unholy torment.
You are immune to petrification.


   Skills:
 - Level 3.0 Fighting
 + Level 5.2 Ranged Weapons
 - Level 1.5 Dodging
 - Level 1.1 Stealth


You had 3 spell levels left.
You didn't know any spells.
Your spell library was empty.

Inventory:

Hand Weapons
 Y - a +0 shortbow (weapon)
Armour
 a - a +2 helmet
 c - a +0 leather armour (worn)
Jewellery
 g - a ring of willpower (left hand)
Scrolls
 b - a scroll of poison {unknown}
 d - a scroll of identify {unknown}
Potions
 f - a potion of lignification {unknown}
 h - a potion of resistance {unknown}

Dungeon Overview and Level Annotations

Branches:
Dungeon (2/15)

Altars:

Shops:
D:2 [


Message History

There is an open door here.
Enter note:
Enter note:
Enter note:
1059 |||
Found retreat position at 1,3 (floor) with 0 blocking monsters and 3 monsters attacking at destination at distance 3 You shoot an arrow.
The arrow hits the gnoll.
The gnoll is heavily wounded.
The gnoll misses you.
You shoot an arrow. The arrow hits the gnoll!
The gnoll is heavily wounded.
Enter note:
Enter note:
Enter note:
1062 |||
Found retreat position at 0,4 (floor) with 0 blocking monsters and 3 monsters attacking at destination at distance 4
1062 ||| Stepping ~*~*~tactically~*~*~ (retreating).
The gnoll barely misses you. The gnoll completely misses you.
The gnoll barely misses you.
There is an open door here.
1063 |||
Found retreat position at 1,3 (floor) with 0 blocking monsters and 3 monsters attacking at destination at distance 3
1063 ||| Stepping ~*~*~tactically~*~*~ (retreating).
The gnoll hits you with a +0 flail!
Enter note:
Enter note:
Enter note: You shoot an arrow.
The arrow hits the gnoll.
The gnoll is severely wounded.
The gnoll barely misses you. The gnoll hits you with a +0 flail.
The gnoll hits you but does no damage.
The gnoll hits you from afar with a +0 halberd!
You shoot an arrow. The arrow hits the gnoll.
You kill the gnoll!
The gnoll barely misses you. x2
You have reached level 4!
You feel clever.
You shoot an arrow. The arrow hits the gnoll.
The gnoll is almost dead.
The gnoll closely misses you. The gnoll barely misses you.
The gnoll hits you but does no damage.
You shoot an arrow. The arrow closely misses the gnoll.
The gnoll hits you with a +0 flail!
You die...

###### #........# #........#
#############........#
#...........#........# .
#...........#........# ..
#...........#........#
...#...........#........#########
...'..........ggg.......'........
...#...........#@.......#########
.. #...........#........# .
#...........#........# ##
#...........########## ##.
############# #.. ########### #.#
#.........# ##.. #.........# #...
#.........# ###.#.


You could see 3 gnolls.

Vanquished Creatures
  A gnoll (D:2)
  An adder (D:2)
  2 dart slugs
  2 bats (D:2)
  5 endoplasms
  3 giant cockroaches (D:1)
  2 goblins (D:1)
  3 hobgoblins
  2 jackals (D:1)
  5 kobolds
  4 quokkas
  3 ball pythons
  3 frilled lizards (D:1)
  2 rats
38 creatures vanquished.

Notes
Turn   | Place    | Note
-------+----------+-------------------------------------------
     0 | D:1      | qw the Gargoyle Hunter began the quest for the Orb.
     0 | D:1      | Reached XP level 1. HP: 12/12 MP: 1/1
     0 | D:1      | 0 ||| qw: Version: 0.3-a-76-g4403597
     0 | D:1      | 0 ||| qw: Game counter: 73
     0 | D:1      | 0 ||| qw: Melee chars always use a shield: true
     0 | D:1      | 0 ||| qw: God list: Okawaru
     0 | D:1      | 0 ||| qw: Allow faded altars: false
     0 | D:1      | 0 ||| qw: Do Orc after clearing Dungeon:15 true
     0 | D:1      | 0 ||| qw: Do second Lair branch before Depths: true
     0 | D:1      | 0 ||| qw: Lair rune preference: random
     0 | D:1      | 0 ||| qw: Goals: Normal
     0 | D:1      | 0 ||| PLANNING D:1-11
   110 | D:1      | Reached XP level 2. HP: 17/17 MP: 2/2
   425 | D:1      | Reached XP level 3. HP: 16/21 MP: 3/3
   469 | D:1      | Reached skill level 5 in Ranged Weapons
   650 | D:1      | 650 ||| UPGRADING to ring of willpower.
   651 | D:1      | 651 ||| READING 4 scrolls labelled OVAIFRITHA.
   652 | D:1      | 652 ||| READING scroll labelled WUAGGE HEYNA.
   656 | D:1      | 656 ||| READING scroll labelled SAOMOG DASTEUCW.
   657 | D:1      | 657 ||| DROPPING 3 scrolls of fog.
   658 | D:1      | 658 ||| DROPPING scroll of butterflies.
   785 | D:2      | Reached skill level 3 in Fighting
   798 | D:2      | Found Woozxuah's Antique Armour Shop.
   807 | D:2      | 807 ||| SHOPLISTING glowing leather armour (150 gold, have
                  | 104).
   807 | D:2      | 807 ||| SHOPLISTING pair of glowing gloves (225 gold, have
                  | 104).
   807 | D:2      | 807 ||| SHOPLISTING ring mail (120 gold, have 104).
   807 | D:2      | 807 ||| SHOPLISTING runed leather armour (150 gold, have
                  | 104).
  1048 | D:2      | 1048 ||| RETREATING.
  1062 | D:2      | 1062 ||| Stepping ~*~*~tactically~*~*~ (retreating).
  1063 | D:2      | 1063 ||| Stepping ~*~*~tactically~*~*~ (retreating).
  1064 | D:2      | HP: 2/23 [gnoll/+0 halberd (8)]
  1066 | D:2      | Reached XP level 4. HP: 3/28 MP: 4/4
  1067 | D:2      | Mangled by a gnoll

Levels and vault maps discovered:
D:1:      minmay_arrival_stair_chambers, layout_loops_ring, minmay_pentomino_w2
D:2:      layout_basic, serial_shops, shop

Skill      XL: |  1  2  3 |
---------------+----------+-----
Ranged Weapons | 5 |  5.2
Fighting       | 3 |  3.0
Dodging        | |  1.5
Stealth        | |  1.1

Action                     |  1- 3 |  4- 6 || total
---------------------------+-------+-------++-------
   Fire: Shortbow          |   105 |     2 ||   107
    Use: Scroll            |     3 |       ||     3
 Armour: Leather armour    |    27 |     2 ||    29
  Dodge: Dodged            |    35 |     2 ||    37

Table legend:
 A = Non-vault XP
 B = Vault XP
 C = Vault XP percentage of total XP
 D = Non-vault monster count
 E = Vault monster count
 F = Vault count percentage of total count
                 A         B        C        D         E       F
            +---------+---------+-------+---------+---------+-------
      Total |      89 |       4 |   4.3 |      36 |       2 |   5.3
            +---------+---------+-------+---------+---------+-------
        D:1 |      42 |       4 |   8.7 |      24 |       2 |   7.7
        D:2 |      47 |       0 |   0.0 |      12 |       0 |   0.0
            +---------+---------+-------+---------+---------+-------
